 Dungeon Crawl Stone Soup version 0.28.0 (webtiles) character file.

Game seed: 5491886117772771251

47 lawman0 the Sneak (level 3, -2/24 HPs)
             Began as a Human Enchanter on Feb 9, 2022.
             Slain by an adder (3 damage)
             ... on level 2 of the Dungeon.
             The game lasted 00:02:00 (1922 turns).

lawman0 the Sneak (Human Enchanter)                 Turns: 1922, Time: 00:02:01

Health: -2/24      AC:  2    Str:  8    XL:     3   Next: 97%
Magic:  6/6        EV: 13    Int: 17    God:
Gold:   24         SH:  0    Dex: 19    Spells: 1/6 levels left

rFire   + . .      SeeInvis .   a - +1 dagger
rCold   + . .      Faith    .   (no shield)
rNeg    . . .      Spirit   .   b - +0 robe
rPois   +          Reflect  .   (no helmet)
rElec   +          Harm     .   (no cloak)
rCorr   +          Rampage  .   (no gloves)
Will    .....                   (no boots)
Stlth   +++.......              n - amulet of magic regeneration
HPRegen 0.08/turn               j - +6 ring of dexterity
MPRegen 0.50/turn               (no ring)

@: mighty, lethally poisoned (-2 -> -9), resistant, very slightly contaminated
A: no striking features
a: no special abilities


You were on level 2 of the Dungeon.
You visited 1 branch of the dungeon, and saw 2 of its levels.

You collected 24 gold pieces.

Inventory:

Hand Weapons
 a - a +1 dagger (weapon)
Missiles
 f - a throwing net
 k - 4 poisoned darts (quivered)
Armour
 b - a +0 robe (worn)
Jewellery
 j - a +6 ring of dexterity (left hand)
 n - an amulet of magic regeneration (around neck)
Scrolls
 d - a scroll of enchant weapon {unknown}
 g - a scroll of vulnerability {unknown}
 l - 2 scrolls of teleportation {unknown}
Potions
 c - a potion of invisibility
 e - a potion of curing {unknown}
 h - a potion of might
 i - a potion of degeneration {unknown}
 m - a potion of resistance


   Skills:
 * Level 1.3 Short Blades
 + Level 2.5 Dodging
 + Level 3.5 Stealth
 + Level 2.4 Spellcasting
 * Level 3.3 Hexes


You had one spell level left.
You knew the following spells:

 Your Spells              Type           Power      Damage    Failure   Level
a - Ensorcelled Hibernat  Hex/Ice        14%        N/A       14%         2
b - Tukima's Dance        Hex            13%        N/A       14%         3

Your spell library contained the following spells:

 Spells                   Type           Power      Damage    Failure   Level
 Pain                     Necr           8%         1d4       19%         1
 Confusing Touch          Hex            13%        N/A       14%         3
 Dazzling Flash           Conj/Hex       14%        N/A       28%         3
 Borgnjor's Vile Clutch   Necr/Erth      1%         N/A       99%         5
 Excruciating Wounds      Necr           1%         N/A       99%         5
 Haunt                    Necr/Summ      1%         N/A       100%        7


Dungeon Overview and Level Annotations

Branches:
Dungeon (2/15)

Altars:


Message History

The adder closely misses you.
Unknown command.
You closely miss the adder.
The adder is heavily wounded.
The adder bites you.
You are poisoned.
The adder poisons you!
You closely miss the adder.
The adder is heavily wounded.
You feel sick. The adder bites you.
You are more poisoned.
The adder poisons you! The adder bites you.
Casting: Ensorcelled Hibernation (safe; 14% risk of failure)
Confirm with . or Enter, or press ? or * to list all spells.
Aiming: Ensorcelled Hibernation (safe; 14% risk of failure)
Press: ? - help, Shift-Dir - straight line, p - adder
Okay, then.
Throw: 5 darts (poison)
Press: ? - help, Q - select action, (/) - cycle Shift-Dir - straight line, f/p - adder
Aim: an adder (heavily wounded, 42% to hit)
You throw a poisoned dart. The poisoned dart hits the adder.
The adder is poisoned.
The adder is heavily wounded.
You feel very sick. The adder bites you.
* * * LOW HITPOINT WARNING * * *
You are more poisoned.
The adder poisons you!
Unknown command.
* * * LOW HITPOINT WARNING * * *
You feel very sick.
It was a potion of might.
You feel very mighty all of a sudden.
* * * LOW HITPOINT WARNING * * *
You feel sick. The adder closely misses you. The adder barely misses you.
It was a potion of resistance.
You feel protected.
* * * LOW HITPOINT WARNING * * *
You feel sick. The adder bites you.
You die...

## ....#
#.#..†.#####.#
.##.....#.#....# .#
.#.#..#.#....# #
^...#.#.#+##
......#.#.#
###.###.#.#
.......#.#
.#######.#####.###
......(S@........#
#######........#.#
.# #........#†#
#.### #........#.#
#.##. #........#.#
#.##. #......>.#.#
#.##.
#........#.####.##.
#........#.......#.
#......##.


You could see an adder (poisoned).

Vanquished Creatures
  An adder (D:2)
  A worm (D:2)
  3 bats
  4 endoplasms (D:1)
  5 giant cockroaches (D:2)
  2 hobgoblins (D:2)
  2 jackals (D:2)
  3 kobolds
  2 quokkas (D:2)
  2 ball pythons
  A frilled lizard (D:2)
  2 goblins (D:1)
  3 rats
31 creatures vanquished.

Vanquished Creatures (others)
  4 toadstools (D:1)
4 creatures vanquished.

Grand Total: 35 creatures vanquished

Notes
Turn   | Place    | Note
-------+----------+-------------------------------------------
     0 | D:1      | lawman0 the Human Enchanter began the quest for the Orb.
     0 | D:1      | Reached XP level 1. HP: 13/13 MP: 3/3
    94 | D:1      | Got Lutumev's Handbook of Black Rituals and Companions
   491 | D:1      | Reached XP level 2. HP: 19/19 MP: 5/5
   494 | D:1      | Learned a level 2 spell: Ensorcelled Hibernation
  1118 | D:2      | Reached XP level 3. HP: 22/24 MP: 3/6
  1122 | D:2      | Learned a level 3 spell: Tukima's Dance
  1922 | D:2      | HP: 1/24 [poisoned by an adder]
  1922 | D:2      | Slain by an adder

Illustrated notes

Levels and vault maps discovered:
D:1:      ldierk_walled_garden_2, layout_loops_cross
D:2:      layout_basic

Action                   || total
-------------------------++-------
Melee: Dagger            ||   124
       Punch             ||     1
Throw: Dart              ||     3
 Cast: Ensorcelled Hiber ||    14
  Use: Potion            ||     2
 Stab: Sleeping          ||    14
Armor: Robe              ||    21
Dodge: Dodged            ||    93
